 Dungeon Crawl Stone Soup version 0.30-b1-2-g02819fbbbe (webtiles) character file.

Game seed: 17901480038991962387

286124 LLlMATKO the Executioner (level 19, -1/280 HPs)
             Began as a Minotaur Berserker on June 25, 2023.
             Was a High Priest of Trog.
             Slain by an orc knight
             ... wielding a +0 halberd
              (28 damage)
             ... on level 1 of the Vaults on June 26, 2023.
             The game lasted 00:58:58 (40081 turns).

LLlMATKO the Executioner (Minotaur Berserker)      Turns: 40081, Time: 00:58:58

Health: -1/280     AC: 30    Str: 27    XL:     19   Next: 82%
Magic:  6/6        EV: 13    Int: 10    God:    Trog [*****.]
Gold:   4911       SH: 25    Dex: 10    Spells: 18/18 levels left

rFire   + . .        m - +4 broad axe (antimagic)
rCold   + + +        Z - +1 tower shield {rN+}
rNeg    + + +        A - +2 plate armour {Will+}
rPois   +            q - +2 hat
rElec   .            S - +1 cloak of a Labyrinth {Regen+ Slay+3}
rCorr   +            M - +1 pair of gloves of the Sky {Rampage rF++}
SInv    +            p - +0 pair of boots {Fly}
Will    +++..        O - amulet "Lexkow" {Reflect rPois rC+ Will+ SH+5} Stlth
                     Y - ring of Intercession {Wiz rPois rF- rCorr SInv}
HPRegen 1.46/turn    F - ring "Immonyryeco" {+Blink rC+++ rN++ Int+6 Dex-3}
MPRegen 0.10/turn

%: reflection, rampage, wizardry (x1)
@: berserking, flying, studying Unarmed Combat, very quick
A: horns 2, retaliatory headbutt
}: 2/15 runes: decaying, serpentine
a: Renounce Religion, Evoke Blink, Berserk, Trog's Hand, Brothers in Arms


You were on level 1 of the Vaults.
You worshipped Trog.
Trog was extremely pleased with you.
You visited 7 branches of the dungeon, and saw 34 of its levels.
You visited the Abyss 1 time.
You also visited: Bailey, Gauntlet and Volcano.

You collected 5879 gold pieces.
You spent 968 gold pieces at shops.

Inventory:

Hand Weapons
 m - a +4 antimagic broad axe (weapon)
 J - a +1 war axe of flaming
Missiles
 r - 10 atropa-tipped darts (quivered)
 u - 58 poisoned darts
 E - 8 throwing nets
 Q - a curare-tipped dart
 T - 24 javelins
Armour
 l - a +2 plate armour of cold resistance
 p - a +0 pair of boots of flying (worn)
 q - a +2 hat (worn)
 A - a +2 plate armour of willpower (worn)
 D - a +4 plate armour of fire resistance
 M - the +1 pair of gloves of the Sky (worn) {Rampage rF++}
   (You found it in a Gauntlet)

   rF:        It greatly protects you from fire.
   Rampage:   It bestows one free step when moving towards enemies.
 S - the +1 cloak of a Labyrinth (worn) {Regen+ Slay+3}
   (You found it in a Gauntlet)

   Slay:      It affects your accuracy & damage with ranged weapons and melee
   (+3).
   Regen:     It increases your rate of health regeneration.
 Z - a +1 tower shield of positive energy (worn)
Jewellery
 j - a ring of willpower
 v - a +6 ring of strength
 w - an amulet of faith
 B - a ring of protection from fire
 F - the ring "Immonyryeco" (right hand) {+Blink rC+++ rN++ Int+6 Dex-3}
   (You found it on level 14 of the Dungeon)

   [ring of intelligence]

   Int:       It affects your intelligence (+6).
   Dex:       It affects your dexterity (-3).
   rC:        It renders you almost immune to cold.
   rN:        It greatly protects you from negative energy.
   +Blink:    It lets you blink.
 G - a ring of protection from cold
 H - a ring of protection from cold
 O - the amulet "Lexkow" (around neck) {Reflect rPois rC+ Will+ SH+5}
   (You bought it in a shop on level 2 of the Orcish Mines)

   [amulet of reflection]

   It reflects blocked missile attacks.
   rC:        It protects you from cold.
   rPois:     It protects you from poison.
   SH:        It affects your SH (+5).
   Will:      It increases your willpower.
 V - the ring of Charity {*Corrode rPois rF++ rN+ Will+++}
   (You found it on level 14 of the Dungeon)

   [ring of positive energy]

   rF:        It greatly protects you from fire.
   rPois:     It protects you from poison.
   rN:        It protects you from negative energy.
   *Corrode:  It may corrode you when you take damage.
   Will:      It greatly increases your willpower.
 Y - the ring of Intercession (left hand) {Wiz rPois rF- rCorr SInv}
   (You took it off a minotaur in a Gauntlet)

   [ring of wizardry]

   It improves your spell success rate.
   rF:        It makes you vulnerable to fire.
   rPois:     It protects you from poison.
   SInv:      It lets you see invisible.
   rCorr:     It protects you from acid and corrosion.
Wands
 a - a wand of mindburst (26)
 e - a wand of roots (10)
 n - a wand of quicksilver (20)
 y - a wand of paralysis (25)
 C - a wand of flame (121)
 P - a wand of digging (3)
 R - a wand of polymorph (17)
Scrolls
 c - 15 scrolls of identify
 g - 6 scrolls of enchant armour
 h - 8 scrolls of enchant weapon
 i - 16 scrolls of teleportation
 k - 5 scrolls of blinking
 I - 3 scrolls of poison
 K - 4 scrolls of fear
 N - 4 scrolls of summoning
 U - a scroll of fog
 W - a scroll of silence
Potions
 b - 5 potions of magic
 d - 3 potions of heal wounds
 f - 4 potions of ambrosia
 o - 7 potions of might
 s - 12 potions of flight
 t - 5 potions of invisibility
 x - a potion of cancellation
 z - 15 potions of curing
 L - 4 potions of haste
 X - 3 potions of resistance


   Skills:
 + Level 20.3 Fighting
 + Level 22.7 Axes
 + Level 20.1 Armour
 + Level 18.6 Dodging
 + Level 18.3 Shields


You had 18 spell levels left.
You didn't know any spells.
Your spell library was empty.

Dungeon Overview and Level Annotations

Branches:
Dungeon (15/15)            Temple (0/1) D:5            Lair (5/5) D:10
  Swamp (4/4) Lair:3        Snake (4/4) Lair:2        Slime (0/5) Lair:4
    Orc (2/2) D:9             Elf (3/3) Orc:2        Vaults (1/5) D:14
 Depths (0/4) D:15         Bailey (visited)         Volcano (visited)
Gauntlet (visited)

Altars:
Cheibriados
Dithmenos
Fedhas
Gozag
Kikubaaqudgha
Makhleb
Qazlal
Ru
Sif Muna
Trog
Uskayaw
Vehumet
Yredelemnul
Zin
The Shining One
Jiyva

Shops:
D:11 :   Orc:2 =[!   Elf:1 (*   Elf:3 ?[?

Annotations:
Vaults:1 3 runed translucent doors, Domino's ghost, adept MiBe; HumbleHazard's ghost, adept HOFi; LLlMATKO's ghost, adept MiBe; Vorhees's ghost, adept AtFi; ragingrage's ghost, veteran HOFi


Innate Abilities, Weirdness & Mutations

You have a pair of horns on your head.
You reflexively headbutt those who attack you in melee.


Message History

You block the deep troll's attack. x2
You block the ironbound preserver's attack.
The orc knight hits you with a +2 great mace.
* * * LOW HITPOINT WARNING * * *
The orc knight misses you.
The orc warlord hits you with a +3 battleaxe!!
* * * LOW HITPOINT WARNING * * *
You open the orc warlord like a pillowcase!!!
The orc warlord is almost dead.
You slice the deep troll!!
You barely miss the ironbound preserver.
You completely miss the orc knight.
Unknown command.
You completely miss the orc warlord. You headbutt the orc warlord!
The orc warlord is almost dead.
You slash the deep troll!
You kill the deep troll!
Trog accepts your kill.
The troll leather armour is intact enough to wear.
You slash the ironbound preserver!
The ironbound preserver's magic leaks into the air.
You hit the orc knight.
You block the ironbound preserver's attack.
The orc knight hits you with a +2 great mace!!
* * * LOW HITPOINT WARNING * * *
You block the orc knight's attack. You block the orc warlord's attack.
You slice the orc warlord!!
You kill the orc warlord!
Trog accepts your kill.
You slash the ironbound preserver!
The ironbound preserver's magic leaks into the air.
You slash the orc knight!
Unknown command.
You slice the ironbound preserver!!
You kill the ironbound preserver!
Trog accepts your kill.
Trog appreciates your killing of a magic user.
You slash the orc knight!
The orc knight hits you from afar with a +0 halberd!!
You die...

#############
##########...........#
.........#...........### #####
.........#..####'##..#.. ....#
......[.o#..').#..#.['.. ....##
......)@.#..#).#..#..#.. .....#
..$..o)..#..#######..#.. .....##
.........'..# #..#.. ...>..#
##########..# +..#.. ......# #..#
#..#.. ####### #..[. ...#..
#..... ...#.. ####### #..
###############################'#


You could see 2 orc knights.

Vanquished Creatures
  Rupert (D:15)
  A deep elf blademaster (Elf:3)
  2 deep elf master archers (Elf:3)
  Jorgrun (Snake:3)
  Asterion (Snake:3)
  Mlioglotl (Snake:3)
  A tentacled starspawn (Abyss:2)
  Gastronok (Lair:2)
  The ghost of Eheodege the Ruinous, an adept DECj of Sif Muna (Snake:4)
  A tengu reaver (Vaults:1)
  Donald (Snake:4)
  A fenstrider witch (Swamp:4)
  7 nagarajas
  An iron dragon (D:14)
  4 vault wardens (Vaults:1)
  A deep elf sorcerer (Elf:3)
  Aizul (Snake:1)
  The ghost of Umull the Severer, a journeyman MiFi of Uskayaw (Snake:3)
  A deep elf elementalist (Elf:3)
  5 ironbound preservers (Vaults:1)
  2 orc warlords
  3 deep elf demonologists
  Azrael (D:14)
  2 eleionomae
  3 deep elf annihilators
  A minotaur (Gauntlet)
  5 bunyips
  Snorg (D:13)
  3 fire dragons
  A deep elf death mage (Elf:3)
  3 deep elf high priests (Elf:3)
  4 shambling mangroves (Swamp:4)
  3 yaktaur captains (Vaults:1)
  4 ice dragons
  26 hydras
  Harold (D:10)
  A great orb of eyes (Vaults:1)
  4 ogre magi (Orc:2)
  6 ghost crabs
  4 catoblepae
  8 centaur warriors
  10 anacondas
  6 boulder beetles
  29 dancing weapons
  21 two-headed ogres
  15 naga warriors
  9 alligators
  A tengu warrior (D:14)
  3 orc high priests
  6 shock serpents
  A thrashing horror (Abyss:2)
  14 naga sharpshooters
  Nergalle (Lair:3)
  Urug (D:14)
  9 deep elf knights
  A skyshark (Lair:5)
  A wretched star (Abyss:2)
  A sixfirhy (Abyss:2)
  A salamander mystic (Snake:3)
  The ghost of Mesmaeker13 the Fighter, a novice BaHu of Cheibriados (D:10)
  Amaemon (Lair:3)
  A fire crab (shapeshifter) (D:15)
  A death drake (Swamp:2)
  5 goliath frogs
  A large abomination (Abyss:2)
  4 naga ritualists
  10 swamp dragons
  5 sea snakes (Snake:4)
  18 deep trolls (Vaults:1)
  6 bog bodies
  An orb spider (Abyss:2)
  2 wizards (D:15)
  6 lindwurms
  A harpy (D:14)
  6 deep elf archers
  2 ironbound convokers (Vaults:1)
  13 deep elf zephyrmancers
  4 orc knights
  7 mana vipers
  21 deep elf pyromancers
  A wolf spider (Lair:5)
  3 orc sorcerers
  7 cyclopes
  7 will-o-the-wisps
  7 ugly things
  2 moths of wrath (D:14)
  5 salamanders
  2 manticores
  2 spectral shock serpents (Snake:4)
  9 guardian serpents
  4 elephants (Lair:5)
  6 vault sentinels (Vaults:1)
  An eye of devastation (Abyss:2)
  Joseph (D:9)
  14 naga magi
  24 black mambas
  2 molten gargoyles (Volcano)
  2 smoke demons (Abyss:2)
  An ice statue (D:14)
  An unseen horror (D:13)
  An orange demon (Lair:3)
  2 gargoyles
  An eye of devastation (shapeshifter) (Elf:2)
  13 cane toads
  3 komodo dragons
  5 torpor snails (Lair:5)
  2 rime drakes
  A tengu conjurer (D:14)
  8 yaktaurs
  2 kobold demonologists
  A polar bear (Lair:2)
  10 tyrant leeches
  A bloated husk (Swamp:2)
  4 trolls
  19 hornets
  A troll (shapeshifter) (Elf:1)
  16 blink frogs
  2 raiju
  35 slime creatures
  2 spectral black mambas (Snake:4)
  A water elemental (Elf:1)
  4 spriggans
  Sigmund (D:2)
  An air elemental (Elf:3)
  5 fire elementals
  2 wraiths
  3 basilisks
  15 fire bats (Volcano)
  17 wyverns
  A wyvern (shapeshifter) (Elf:2)
  22 yaks
  A redback (Lair:5)
  15 humans (D:14)
  15 vampire mosquitoes
  5 wargs
  2 chaos spawn (Abyss:2)
  10 swamp worms
  36 nagas
  An acid dragon (D:14)
  18 water moccasins
  3 hell hounds
  4 spectral nagas (Snake:4)
  11 swamp drakes
  An ice beast (D:6)
  33 orc warriors
  A sky beast (D:7)
  4 black bears
  28 ogres
  6 wolves (Lair:1)
  7 centaurs
  5 kobold brigands
  A phantom (D:4)
  9 bullfrogs
  3 small abominations (Abyss:2)
  2 scorpions
  2 gnoll sergeants
  4 wights (D:10)
  3 killer bees (D:11)
  5 howler monkeys
  A vampire bat (D:5)
  7 lava snakes (Volcano)
  2 hounds (D:6)
  17 orc priests
  4 iguanas
  An iron imp (Abyss:2)
  3 gnoll boudas
  24 orc wizards
  7 starcursed masses (Abyss:2)
  2 lightning spires (Gauntlet)
  A naga simulacrum (Snake:4)
  35 gnolls
  4 adders
  A white imp (D:7)
  3 ufetubi
  2 worms
  85 orcs
  5 ball pythons
  4 bat skeletons (D:5)
  A bat zombie (D:5)
  3 endoplasms
  4 giant cockroaches
  10 goblins
  7 hobgoblins
  4 jackals (D:1)
  A quokka (D:4)
  5 bats
  5 frilled lizards
  44 kobolds
  4 rats
  2 spectral weapons (Snake:3)
1201 creatures vanquished.

Vanquished Creatures (collateral kills)
  The ghost of TuffENuff the Warrior, an adept FoFi of Cheibriados (Snake:3)
  2 nagarajas (Snake:4)
  The ghost of Beuxuke the Fighter, a journeyman NaRe of Ru (D:14)
  An ironbound preserver (Vaults:1)
  A deep elf demonologist (Elf:3)
  2 deep elf death magi (Elf:3)
  A boulder beetle (Vaults:1)
  A sea snake (Snake:4)
  A deep troll (Vaults:1)
  An obsidian statue (D:10)
  An orc knight (Vaults:1)
  An orc sorcerer (Orc:2)
  A deep elf zephyrmancer (Elf:3)
  A guardian serpent (Snake:4)
  2 naga magi (Snake:4)
  3 raiju (Abyss:2)
  A large abomination (Abyss:2)
  4 starcursed masses (Abyss:2)
  A hog (shapeshifter) (Abyss:2)
  A redback (D:14)
  A naga (Snake:4)
  A gnoll bouda (D:10)
  2 orcs (Orc:2)
32 creatures vanquished.

Vanquished Creatures (others)
  A naga warrior (Snake:4)
  2 deep elf zephyrmancers
  A human (D:14)
  A naga (Snake:4)
  An orc wizard (Orc:2)
  44 foxfires
  13 fungi
  42 plants
  2 starspawn tentacles (Abyss:2)
  3 withered plants
110 creatures vanquished.

Grand Total: 1343 creatures vanquished

Notes
Turn   | Place    | Note
-------+----------+-------------------------------------------
     0 | D:1      | LLlMATKO the Minotaur Berserker began the quest for the
                  | Orb.
     0 | D:1      | Reached XP level 1. HP: 19/19 MP: 0/0
   156 | D:1      | Reached XP level 2. HP: 27/27 MP: 1/1
   179 | D:1      | Reached skill level 4 in Axes
   449 | D:1      | Found a faded altar of an unknown god.
   749 | D:2      | Reached XP level 3. HP: 26/33 MP: 2/2
   841 | D:2      | Noticed Sigmund
   852 | D:2      | Killed Sigmund
   853 | D:2      | Reached XP level 4. HP: 41/41 MP: 3/3
   853 | D:2      | Reached XP level 5. HP: 47/47 MP: 4/4
  1256 | D:2      | Reached ** piety under Trog
  1650 | D:3      | Reached skill level 5 in Fighting
  2245 | D:4      | Reached skill level 5 in Axes
  2245 | D:4      | Reached XP level 6. HP: 53/56 MP: 5/5
  2291 | D:4      | Found a sacrificial altar of Ru.
  2826 | D:5      | Entered Level 5 of the Dungeon
  2971 | D:5      | Reached skill level 5 in Armour
  2979 | D:5      | Reached XP level 7. HP: 47/62 MP: 6/6
  3045 | D:5      | Found a staircase to the Ecumenical Temple.
  3325 | D:5      | Found a basalt altar of Yredelemnul.
  3359 | D:5      | Found a hide-covered altar of Uskayaw.
  3373 | D:5      | Identified the +6 spear of Haodaun {heavy, rF+ Int+4
                  | Stlth+}
  3471 | D:5      | Reached *** piety under Trog
  3490 | D:5      | Found an ancient bone altar of Kikubaaqudgha.
  3631 | D:5      | Reached skill level 6 in Axes
  3631 | D:5      | Reached skill level 5 in Dodging
  3838 | D:5      | Found a glowing golden altar of the Shining One.
  3840 | D:5      | Noticed an angel
  3910 | D:5      | Found a basalt altar of Yredelemnul.
  3912 | D:5      | Noticed a profane servitor
  3944 | D:5      | Found a hide-covered altar of Uskayaw.
  4027 | D:5      | Found an ancient bone altar of Kikubaaqudgha.
  4190 | D:5      | Found a staircase to the Ecumenical Temple.
  4740 | D:6      | Found a bloodstained altar of Trog.
  4752 | D:6      | Reached XP level 8. HP: 68/71 MP: 7/7
  4765 | D:6      | Found a shimmering blue altar of Sif Muna.
  5010 | D:6      | Found a stormy altar of Qazlal.
  5018 | D:6      | Found a glowing silver altar of Zin.
  5650 | D:7      | Reached skill level 7 in Axes
  5829 | D:7      | Found a flagged portal.
  5840 | Bailey   | Entered a bailey
  6197 | Bailey   | Reached XP level 9. HP: 40/81 MP: 8/8
  6208 | Bailey   | Noticed an orc knight
  6363 | Bailey   | Killed an orc knight
  6364 | Bailey   | Reached skill level 8 in Axes
  6791 | D:7      | Found a shadowy altar of Dithmenos.
  7087 | D:7      | Identified the +5 whip "Hoykil" {freeze, Dex+4}
  8031 | D:8      | Identified the +8 mace of the Everdark {freeze, rC+}
  8043 | D:8      | Reached **** piety under Trog
  8617 | D:8      | Reached skill level 9 in Axes
  8690 | D:8      | Found a blossoming altar of Fedhas.
  9200 | D:9      | Noticed Joseph
  9213 | D:9      | Killed Joseph
  9214 | D:9      | Reached XP level 10. HP: 91/91 MP: 9/9
  9392 | D:9      | Found a staircase to the Orcish Mines.
  9409 | D:9      | Reached skill level 1 in Shields
  9637 | D:9      | Reached ***** piety under Trog
  9698 | D:9      | Reached skill level 10 in Fighting
  9700 | D:9      | Reached skill level 10 in Axes
 10115 | D:9      | Found a radiant altar of Vehumet.
 10373 | D:10     | Entered Level 10 of the Dungeon
 10398 | D:10     | Noticed a cyclops
 10399 | D:10     | Noticed Harold
 10413 | D:10     | Killed a cyclops
 10415 | D:10     | Killed Harold
 10416 | D:10     | Reached skill level 10 in Armour
 10482 | D:10     | Found a runed translucent gate.
 10483 | D:10     | Found a runed translucent gate.
 10483 | D:10     | Found an opulent altar of Gozag.
 10484 | D:10     | Found a runed translucent gate.
 10485 | D:10     | Noticed an obsidian statue
 10485 | D:10     | Noticed Mesmaeker13's ghost (novice BaHu)
 10756 | D:10     | Identified the +5 short sword "Emiunn" {heavy, rElec rF+
                  | Int+2}
 10870 | D:10     | Found a burning altar of Makhleb.
 10882 | D:10     | Noticed a two-headed ogre
 10888 | D:10     | Killed a two-headed ogre
 10889 | D:10     | Reached XP level 11. HP: 101/101 MP: 10/10
 11038 | D:10     | Found a staircase to the Lair.
 11295 | D:11     | Found Hashizac's Book Boutique.
 11361 | D:11     | Reached skill level 5 in Shields
 11978 | D:11     | Noticed a boulder beetle
 12001 | D:11     | Killed a boulder beetle
 12002 | D:11     | Reached skill level 11 in Axes
 12143 | D:12     | Noticed a two-headed ogre
 12149 | D:12     | Killed a two-headed ogre
 12214 | D:12     | Noticed a two-headed ogre
 12224 | D:12     | Killed a two-headed ogre
 12225 | D:12     | Reached skill level 10 in Dodging
 12657 | D:12     | Received a gift from Trog
 13252 | D:13     | Found a shimmering blue altar of Sif Muna.
 13383 | D:13     | Noticed a brown ugly thing
 13395 | D:13     | Killed a brown ugly thing
 13588 | D:13     | Noticed a centaur warrior
 13597 | D:13     | Killed a centaur warrior
 13612 | D:13     | Reached XP level 12. HP: 112/112 MP: 11/11
 13901 | D:13     | Noticed a centaur warrior
 13903 | D:13     | Noticed a catoblepas
 13908 | D:13     | Killed a centaur warrior
 13916 | D:13     | Killed a catoblepas
 13917 | D:13     | Reached skill level 12 in Axes
 14166 | D:13     | Noticed a two-headed ogre
 14171 | D:13     | Killed a two-headed ogre
 14413 | D:14     | Noticed Urug
 14413 | D:14     | Noticed a two-headed ogre
 14413 | D:14     | Noticed a boulder beetle
 14413 | D:14     | Noticed a centaur warrior
 14413 | D:14     | Noticed a tengu warrior
 14413 | D:14     | Noticed a six-headed hydra
 14413 | D:14     | Found a gate to the Vaults.
 14416 | D:14     | Noticed a centaur warrior
 14423 | D:14     | Killed a centaur warrior
 14425 | D:14     | Killed a three-headed hydra
 14428 | D:14     | Killed a tengu warrior
 14430 | D:14     | Killed a two-headed ogre
 14433 | D:14     | Noticed Snorg
 14435 | D:14     | Killed a centaur warrior
 14446 | D:13     | Killed a boulder beetle
 14744 | D:13     | Killed Snorg
 14845 | D:14     | Killed Urug
 14846 | D:14     | Noticed Azrael
 14949 | D:14     | Killed Azrael
 14957 | D:14     | Reached skill level 13 in Axes
 15015 | D:14     | Reached XP level 13. HP: 86/122 MP: 12/12
 15191 | D:14     | Identified the staff of fire "Dubou" {rF+ Str+4 Dex+3}
 15208 | D:14     | Found a hide-covered altar of Uskayaw.
 15776 | D:14     | Found a glowing silver altar of Zin.
 15777 | D:14     | Found a transporter.
 15795 | D:14     | Noticed a fire dragon
 15800 | D:14     | Noticed Beuxuke's ghost (journeyman NaRe)
 15913 | D:14     | Noticed an iron dragon
 15922 | D:14     | Found a transporter.
 16103 | D:10     | Killed Mesmaeker13's ghost
 16257 | D:15     | Entered Level 15 of the Dungeon
 16271 | D:15     | Reached skill level 10 in Shields
 16356 | D:15     | Identified the +6 flail of Urgency {flame, rC+ rCorr}
 16498 | Abyss:2  | Found a corrupted altar of Lugonu.
 16498 | Abyss:2  | Cast into level 2 of the Abyss (a wizard)
 16551 | Abyss:2  | Noticed a tentacled starspawn
 16559 | Abyss:2  | Killed a tentacled starspawn
 16699 | Abyss:2  | Noticed a starcursed mass
 16727 | Abyss:2  | HP: 5/124 [starcursed mass (10)]
 16732 | Abyss:2  | Reached skill level 14 in Axes
 16740 | Abyss:2  | HP: 4/124 [thrashing horror (10)]
 16829 | Abyss:2  | Found a corrupted altar of Lugonu.
 16833 | Abyss:2  | Lost intelligence.
 16850 | Abyss:2  | Noticed a starcursed mass
 16853 | Abyss:2  | HP: 4/111 [starcursed mass/accursed screaming (9)]
 16860 | D:15     | Escaped the Abyss
 17159 | D:15     | Reached XP level 14. HP: 63/132 MP: 13/13
 17530 | Lair:1   | Entered Level 1 of the Lair of Beasts
 17819 | Lair:1   | Found a gate leading to a gauntlet.
 17828 | Gauntlet | Entered a Gauntlet
 17828 | Gauntlet | Found a transporter.
 17837 | Gauntlet | Found a transporter.
 17854 | Gauntlet | Found a transporter.
 17858 | Gauntlet | Found a transporter.
 17879 | Gauntlet | Found a transporter.
 17892 | Gauntlet | Found a transporter.
 17895 | Gauntlet | Noticed a reaper
 17903 | Gauntlet | Found a transporter.
 17906 | Gauntlet | Found a transporter.
 17929 | Gauntlet | Found a transporter.
 17954 | Gauntlet | Noticed a quicksilver ooze
 17958 | Gauntlet | Found a transporter.
 17958 | Gauntlet | Found a transporter.
 17965 | Gauntlet | Found a transporter.
 18042 | Gauntlet | Identified the +2 hat of Satisfaction {rC- Int+2 Stlth+}
 18208 | Gauntlet | Identified the +1 cloak of a Labyrinth {Regen+ Slay+3}
 18324 | Gauntlet | Identified the ring of Intercession {Wiz rPois rF- rCorr
                  | SInv}
 18359 | Gauntlet | Identified the +1 pair of gloves of the Sky {Rampage rF++}
 18359 | Gauntlet | Identified the +1 ring mail of Conscience {Harm rC- Dex+2
                  | SInv}
 19226 | Lair:2   | Noticed Gastronok
 19238 | Lair:2   | Killed Gastronok
 19488 | Lair:2   | Found a staircase to the Snake Pit.
 19658 | Lair:2   | Found a dark tunnel.
 19729 | Volcano  | Entered a volcano
 19841 | Volcano  | Found a bloodstained altar of Trog.
 20722 | Lair:3   | Noticed Amaemon
 20724 | Lair:3   | Paralysed by Amaemon for 5 turns
 20733 | Lair:3   | Killed Amaemon
 20734 | Lair:3   | Reached skill level 15 in Fighting
 20734 | Lair:3   | Reached skill level 15 in Axes
 21277 | Lair:3   | Noticed Nergalle
 21290 | Lair:3   | Killed Nergalle
 21445 | Lair:3   | Found a staircase to the Swamp.
 21654 | Lair:4   | Found a viscous altar of Jiyva.
 21654 | Lair:4   | Found a staircase to the Slime Pits.
 21876 | Lair:4   | Identified the +5 dagger of Fundamental Breach {vamp, rC+++
                  | Dex-2}
 22175 | Lair:4   | Reached skill level 15 in Armour
 22448 | Lair:5   | Entered Level 5 of the Lair of Beasts
 22449 | Lair:5   | Identified a scroll of acquirement
 22449 | Lair:5   | Acquired a manual of Axes
 22625 | Lair:5   | Found a runed translucent door.
 22731 | Lair:5   | Reached XP level 15. HP: 141/141 MP: 14/14
 23232 | Lair:5   | Reached skill level 16 in Axes
 24783 | Orc:1    | Entered Level 1 of the Orcish Mines
 24784 | Orc:1    | Acquired 1050 gold pieces
 24895 | Orc:2    | Entered Level 2 of the Orcish Mines
 24903 | Orc:2    | Reached ****** piety under Trog
 24909 | Orc:2    | Received a gift from Trog
 24910 | Orc:2    | Found a staircase to the Elven Halls.
 25264 | Orc:2    | Reached skill level 17 in Axes
 25410 | Orc:2    | Found Jeirud's Jewellery Boutique.
 25410 | Orc:2    | Found Qoewi's Distillery.
 25413 | Orc:2    | Found Degiobez's Armour Emporium.
 25413 | Orc:2    | Found Ageesk's Book Shop.
 25558 | Orc:2    | Received a gift from Trog
 25656 | Orc:2    | Found a runed translucent door.
 25943 | Orc:2    | Bought the amulet "Lexkow" {Reflect rPois rC+ Will+ SH+5}
                  | for 968 gold pieces
 26390 | D:14     | Reached XP level 16. HP: 152/152 MP: 15/15
 26393 | D:14     | Reached skill level 15 in Dodging
 26409 | D:14     | Killed Beuxuke's ghost
 26409 | D:14     | Identified the +2 hand axe "Terrible Lifebane" {heavy,
                  | Fragile rC+ rN+} (Trog gifted it to you on level 14 of the
                  | Dungeon)
 26409 | D:14     | Received a gift from Trog
 26417 | D:14     | Identified the ring "Immonyryeco" {+Blink rC+++ rN++ Int+6
                  | Dex-3}
 26426 | D:14     | Identified the ring of Charity {*Corrode rPois rF++ rN+
                  | Will+++}
 26871 | D:15     | Noticed Rupert
 26886 | D:15     | Killed Rupert
 27087 | D:15     | Found a snail-covered altar of Cheibriados.
 27331 | D:15     | Reached skill level 18 in Axes
 27365 | D:15     | Found a staircase to the Depths.
 27618 | Swamp:1  | Entered Level 1 of the Swamp
 28834 | Swamp:3  | Reached skill level 19 in Axes
 28835 | Swamp:3  | Received a gift from Trog
 29530 | Swamp:4  | Entered Level 4 of the Swamp
 29751 | Swamp:4  | Reached skill level 15 in Shields
 29782 | Swamp:4  | Reached XP level 17. HP: 162/162 MP: 16/16
 30235 | Swamp:4  | Reached skill level 20 in Axes
 30265 | Swamp:4  | Got a decaying rune of Zot
 30925 | Snake:1  | Entered Level 1 of the Snake Pit
 30953 | Snake:1  | Received a gift from Trog
 31183 | Snake:1  | Noticed Aizul
 31201 | Snake:1  | Killed Aizul
 32111 | Snake:2  | Received a gift from Trog
 32456 | Snake:3  | Noticed Mlioglotl
 32461 | Snake:3  | Noticed Asterion
 32474 | Snake:3  | Killed Mlioglotl
 32480 | Snake:3  | Killed Asterion
 32713 | Snake:3  | Reached skill level 21 in Axes
 32836 | Snake:3  | Noticed Jorgrun
 32856 | Snake:3  | Killed Jorgrun
 33285 | Snake:3  | Found a runed translucent gate.
 33285 | Snake:3  | Found a runed translucent gate.
 33286 | Snake:3  | Found a runed translucent gate.
 33287 | Snake:3  | Noticed Umull's ghost (journeyman MiFi)
 33287 | Snake:3  | Noticed TuffENuff's ghost (adept FoFi)
 33412 | Snake:3  | Killed TuffENuff's ghost
 33414 | Snake:3  | Killed Umull's ghost
 33415 | Snake:3  | Reached XP level 18. HP: 173/173 MP: 5/17
 33492 | Snake:4  | Entered Level 4 of the Snake Pit
 33676 | Snake:4  | Identified the +1 arbalest of the Blind Eye {drain, rC++
                  | Str+6 Int-5}
 33778 | Snake:4  | Found a runed translucent gate.
 33783 | Snake:4  | Found a runed translucent gate.
 33809 | Snake:4  | Found a runed translucent gate.
 33815 | Snake:4  | Noticed Eheodege's ghost (adept DECj)
 33833 | Snake:4  | Killed Eheodege's ghost
 34001 | Snake:4  | Received a gift from Trog
 34166 | Snake:4  | Noticed Donald
 34175 | Snake:4  | Killed Donald
 34270 | Snake:4  | Received a gift from Trog
 34577 | Snake:4  | Got a serpentine rune of Zot
 35094 | Elf:1    | Entered Level 1 of the Elven Halls
 35118 | Elf:1    | Found Afiuquw's Assorted Antiques.
 35381 | Elf:1    | Identified the +8 quarterstaff "Etigig" {antimagic, rC+}
 35458 | Elf:1    | Identified the +10 plate armour of the Tundras {rElec
                  | Dex+6}
 35506 | Elf:1    | Identified the +1 dagger of the Doomed Warrior {freeze,
                  | rElec rCorr Dex+7}
 35843 | Elf:1    | Found Bevasont's Weapon Shop.
 36173 | Elf:2    | Reached skill level 22 in Axes
 36197 | Elf:2    | Identified the +7 battleaxe of Cumpum {heavy, rN+} (Trog
                  | gifted it to you on level 2 of the Elven Halls)
 36197 | Elf:2    | Received a gift from Trog
 36356 | Elf:2    | Found a runed translucent gate.
 36357 | Elf:2    | Found a runed translucent gate.
 36357 | Elf:2    | Found a runed translucent gate.
 36678 | Elf:2    | Reached XP level 19. HP: 179/183 MP: 6/18
 38203 | Elf:3    | Entered Level 3 of the Elven Halls
 38273 | Elf:2    | Found an ancient bone altar of Kikubaaqudgha.
 38407 | Elf:3    | Found Ivilluorch's Armour Emporium.
 38425 | Elf:3    | Found Vigacw's Magic Scroll Boutique.
 38515 | Elf:3    | Identified the +4 great mace of the Ass {flame, Int+4}
 38549 | Elf:3    | Received a gift from Trog
 38709 | Elf:3    | Found Doovoosk's Magic Scroll Shop.
 38753 | Elf:3    | Identified the +4 triple sword of a bailey {drain, rC+
                  | Dex+2}
 38759 | Elf:3    | Identified the amulet "Lekas Cueh" {Acrobat rElec}
 38763 | Elf:3    | Identified the amulet of Jiufoy {Faith Str+7 Int-5}
 38810 | Elf:3    | Noticed a Tzitzimitl
 39041 | Vaults:1 | Entered Level 1 of the Vaults
 39122 | Vaults:1 | Found a runed translucent gate.
 39122 | Vaults:1 | Found a runed translucent gate.
 39525 | Vaults:1 | Found a runed translucent gate.
 39525 | Vaults:1 | Noticed Vorhees's ghost (adept AtFi)
 39525 | Vaults:1 | Noticed ragingrage's ghost (veteran HOFi)
 39525 | Vaults:1 | Noticed LLlMATKO's ghost (adept MiBe)
 39525 | Vaults:1 | Noticed Domino's ghost (adept MiBe)
 39526 | Vaults:1 | Noticed HumbleHazard's ghost (adept HOFi)
 40081 | Vaults:1 | Slain by an orc knight

Illustrated notes

Levels and vault maps discovered:
D:1:      nzn_arrival_water_spiral, layout_loops_ring,
          chequers_ecumenical_altar_twisty, chequers_mini_garden
D:2:      minmay_spotlight, layout_basic, uniq_sigmund
D:3:      layout_loops_cross
D:4:      layout_cave_pools, kennysheep_mini_moat
D:5:      layout_loops_ring, grunt_temple_overflow_holy_war, old_standard_altar,
          kennysheep_vampire_church, minmay_temple_entry_junction_2
D:6:      layout_basic, minitemple, nzn_overflow_gifts_of_might_and_magic,
          eino_curves_02, hangedman_glass_teeth,
          nicolae_concentric_dashed_squares_mild, skrybe_limestone_x
D:7:      layout_layer_cave, nicolae_dithmenos_through_a_glass_darkly,
          enter_bailey_3
D:8:      layout_basic, fedhas_altar_2
D:9:      layout_cave_pods, nicolae_overflow_crystal_walls, erik_orc_4,
          chequers_arboretum, uniq_joseph
D:10:     layout_cave_pods, mainiacjoe_overflow_small_starburst,
          grunt_lair_entry_orc_guard_hut, ebering_ghost_gozag, uniq_harold
D:11:     layout_loops_ring, serial_shops, nicolae_shop_hallway_stairs
D:12:     layout_roguey, minmay_misc_feat_roman
D:13:     layout_long_grid, tgw_sif
D:14:     minmay_statue_hallways, layout_basic, david_vaults_3,
          gammafunk_ghost_berserking_beasts, nicolae_uskayaw_dance_hall,
          zin_academy, uniq_snorg, uniq_azrael
D:15:     grunt_enter_depths_hoard, layout_cave_pools, minmay_misc_feat_x,
          cheibrodos_worm_habitat, uniq_rupert
Lair:1:   layout_cave_pods, gauntlet_entry_generic, infiniplex_staircase_pool_2,
          grunt_megastairs_1
Lair:2:   layout_cave_pods, dummy_snake_entry, enter_volcano_1, uniq_gastronok
Lair:3:   layout_cellular_growth, palyth_hydra_swamp_entry, grunt_megastairs_4,
          uniq_nergalle, uniq_amaemon
Lair:4:   layout_regular_city, slime_entry_1, grunt_megastairs_2
Lair:5:   hangedman_lair_tendril_chambers, layout_regular_city, wormcave,
          eino_small_chamber_without_monster, uniq_urug
Swamp:1:  layout_falls_marsh, evilmike_swamp_ruin_house_1, swamp_pool1
Swamp:2:  layout_basic_swamp, serial_swamp_ruin, evilmike_swamp_ruin_rubble_1,
          evilmike_swamp_ruin_house_4, swamp_pool1
Swamp:3:  layout_falls_marsh, evilmike_swamp_ruin_house_5, swamp_pool1,
          nicolae_swamp_treefoil
Swamp:4:  swamp, layout_basic_swamp
Snake:1:  layout_misc_corridors, grunt_ministairs_6, uniq_aizul
Snake:2:  layout_onion, nicolae_snake_serpentine_hallways,
          hangedman_snake_thin_pillar_pass, drop_trap
Snake:3:  layout_cave_pods, gammafunk_ghost_cemetery, uniq_jorgrun,
          uniq_mlioglotl, uniq_asterion
Snake:4:  grunt_snake_rune_pools, layout_onion_interference,
          gammafunk_ghost_necromancy, st_stairs_7, uniq_donald
Orc:1:    layout_caves
Orc:2:    st_orc_ogre_mass, layout_caves, lightli_church_of_beogh
Elf:1:    layout_geoelf_octagon, serial_shops, nicolae_take_the_stairs,
          nicolae_shop_bloodbath_and_beyond, minmay_elf_sorcery
Elf:2:    nicolae_elf_blades_crystal_corner, layout_onion_city,
          lemuel_upstairs_altar
Elf:3:    grunt_elf_hall_spiral, layout_gridlike, serial_shops, shop, shop, shop
Vaults:1: gammafunk_ghost_cemetery, vaults_room_corners,
          nicolae_vaults_enemy_cabinets, v_rooms_2, vaults_dpeg_emergency_exit,
          nicolae_vaults_storage_closets_3, nicolae_vaults_trapezoid_1,
          vaults_mumra_hexcomb, nicolae_vaults_rhombus_5, layout_vaults_big_room

Skill      XL: |  1  2  3  4  5  6  7  8  9 10 11 12 13 14 15 16 17 18 19 |
---------------+----------------------------------------------------------+-----
Fighting       | 4 5 6 8 9 10 11 13 14 15 16 17 18 19 20 | 20.3
Axes           | 4 5 6 7 9 10 11 13 14 15 17 19 21 22 | 22.7
Armour         | 3 4 5 6 7 9 10 11 12 13 15 16 17 18 19 20 | 20.1
Dodging        | 3 4 5 6 8 9 10 11 12 13 14 15 16 17 18 | 18.6
Shields        | 4 7 9 10 12 13 15 16 17 18 | 18.3

Action                     |  1- 3 |  4- 6 |  7- 9 | 10-12 | 13-15 | 16-18 | 19-21 || total
---------------------------+-------+-------+-------+-------+-------+-------+-------++-------
  Melee: Hand axe          |    58 |    96 |    92 |       |       |       |       ||   246
         Headbutt          |     5 |    21 |    57 |    70 |   231 |   336 |   103 ||   823
         Punch             |       |     1 |     5 |       |       |       |       ||     6
         War axe           |       |       |   229 |   336 |   954 |   772 |       ||  2291
         Spear             |       |       |    13 |       |       |       |       ||    13
         Broad axe         |       |       |       |       |       |   546 |   380 ||   926
  Throw: Dart              |       |       |       |    12 |     4 |     5 |       ||    21
 Invoke: Berserk           |     1 |     1 |     5 |     9 |    20 |    12 |     6 ||    54
         Trog's Hand       |       |       |       |     3 |    12 |     3 |     2 ||    20
         Brothers in Arms  |       |       |       |       |     6 |     4 |     4 ||    14
    Use: Scroll            |       |       |    13 |       |    15 |     5 |     3 ||    36
         Potion            |       |       |       |       |     3 |     1 |     1 ||     5
   Stab: Petrified         |       |       |       |       |     5 |    13 |       ||    18
         Distracted        |       |       |       |       |     1 |     4 |       ||     5
         Petrifying        |       |       |       |       |       |     2 |       ||     2
 Armour: Animal skin       |    15 |     3 |       |       |       |       |       ||    18
         Chain mail        |       |    33 |    70 |       |       |       |       ||   103
         Plate armour      |       |       |    92 |   186 |   332 |   457 |   138 ||  1205
  Dodge: Dodged            |    36 |    55 |   135 |   130 |   222 |   352 |   117 ||  1047
  Block: Other             |       |       |    57 |       |       |       |       ||    57
         Reflection        |       |       |     5 |    11 |    23 |   104 |    30 ||   173
         Buckler           |       |       |       |   180 |    90 |       |       ||   270
         Tower shield      |       |       |       |       |   707 |  1291 |   431 ||  2429
